 Dungeon Crawl Stone Soup version 0.17.0-1-g61d176b (console) character file.

5 gw the Vexing (level 1, -3/14 HPs)
             Began as a Human Enchanter on Nov 8, 2015.
             Slain by a kobold
             ... wielding a +2 whip of flaming
              (4 damage)
             ... on level 1 of the Dungeon.
             The game lasted 00:00:22 (457 turns).

gw the Vexing (Human Enchanter)                      Turns: 457, Time: 00:00:22

Health: -3/14      AC:  3    Str:  8    XL:     1   Next: 88%
Magic:  2/3        EV: 12    Int: 15    God:
Gold:   0          SH:  0    Dex: 13    Spells: 1 memorised, 3 levels left

rFire  . . .     SeeInvis .     a - +0 club
rCold  . . .     Clarity  .     b - +1 robe
rNeg   . . .     SustAt   .     (no shield)
rPois  .         Gourm    .     (no helmet)
rElec  .         Spirit   .     (no cloak)
rCorr  .         Warding  .     (no gloves)
rMut   .         Stasis   .     (no boots)
MR     .....                    (no amulet)
Stlth  ++........               (no ring)
                                (no ring)

@: not resistant to hostile enchantments, unstealthy
A: no striking features
a: no special abilities


You were on level 1 of the Dungeon.
You were not hungry.

You visited 1 branch of the dungeon, and saw 1 of its levels.

Inventory:

Hand Weapons
 a - a +0 club (weapon)
Armour
 b - a +1 robe (worn)
Books
 c - a book of Maledictions

   Spells                             Type                      Level
   a - Corona                         Hexes                        1
   b - Ensorcelled Hibernation        Hexes/Ice                    2
   c - Confuse                        Hexes                        3
   d - Tukima's Dance                 Hexes                        3
   e - Dazzling Spray                 Conjuration/Hexes            3
Comestibles
 d - a bread ration


   Skills:
 * Level 0.6 Fighting
   Level 1.0 Short Blades
 + Level 0.0 Maces & Flails
 + Level 0.6 Armour
 - Level 2.0 Dodging
 - Level 3.0 Stealth
 + Level 2.1 Spellcasting
 - Level 3.0 Hexes


You had 3 spell levels left.
You knew the following spells:

 Your Spells              Type           Power        Failure   Level  Hunger
a - Corona                Hex            ##.....      8%          1    #......


Dungeon Overview and Level Annotations

Branches:
Dungeon (1/15)

Altars:


Message History

Unknown command.
Unknown command.
Unknown command.
Unknown command.
ATTACKING (0,-1)
You hit the kobold.
The kobold is severely wounded.
The kobold hits you with a whip of flaming.
The kobold burns you.
Unknown command.
Unknown command.
Unknown command.
Unknown command.
FLEEEEING!
ATTACKING (0,-1)
You barely miss the kobold.
The kobold is severely wounded.
The kobold hits you but does no damage.
The kobold hits you with a whip of flaming.
You die...

....# #..# #...# #..#
#...#######..# ##### .
##..##.......# #.... ...
#......# #...###.###
..#..#......# #.......#
..r......#..###.#.##### #
#.######K#...(.....######
#p#....(....)(....
#.##.###....###### #....#
#...## # ####.###.###
##...## ##.## # ##.## # 7
....# # 77### #.#.# ####


You could see a kobold.

Table legend:
 A = Turns spent in this place as a percentage of turns spent in the entire game.
 B = Non-inter-level travel turns spent in this place as a percentage of non-inter-level travel turns spent in the entire game.
 C = Inter-level travel turns spent in this place as a percentage of turns spent in this place.
 D = Turns resting spent in this place as a percentage of non-inter-level travel turns spent in this place.
 E = Turns spent auto-exploring this place as a percentage of non-inter-level travel turns spent in this place.
 F = Non-inter-level travel turns spent in this place divided by the number of levels of this place that you've seen.
                   A       B       C       D       E      F
               +-------+-------+-------+-------+-------+----------------------
         Total | 100.0 | 100.0 |   0.0 |   2.3 |   1.7 | 529.0
       Dungeon | 100.0 | 100.0 |   0.0 |   2.3 |   1.7 | 529.0
               +-------+-------+-------+-------+-------+----------------------

Table legend:
 A = Kills in this place as a percentage of kills in entire the game.
 B = Kills by you in this place as a percentage of kills by you in the entire game.
 C = Kills by friends in this place as a percentage of kills by friends in the entire game.
 D = Other kills in this place as a percentage of other kills in the entire game.
 E = Experience gained in this place as a percentage of experience gained in the entire game.
 F = Experience gained in this place divided by the number of levels of this place that you have seen.
                   A       B       C       D       E      F
               +-------+-------+-------+-------+-------+----------------------
         Total | 100.0 | 100.0 |  -nan |  -nan | 100.0 |   8.0
       Dungeon | 100.0 | 100.0 |  -nan |  -nan | 100.0 |   8.0
               +-------+-------+-------+-------+-------+----------------------

Vanquished Creatures
  A hobgoblin (D:1)
  A kobold (D:1)
  2 goblins (D:1)
  A rat (D:1)
5 creatures vanquished.

Notes
Turn   | Place    | Note
--------------------------------------------------------------
     0 | D:1      | gw the Human Enchanter began the quest for the Orb.
     0 | D:1      | Reached XP level 1. HP: 13/13 MP: 3/3
   457 | D:1      | Slain by a kobold

Action                   || total
-------------------------++-------
Melee: Dagger            ||    20
       Club              ||     4
 Cast: Corona            ||     8

Vault maps used:
D:1:      sevenhm_arrival_forest_fort_large_2, hangedman_decor_lopped
